 Dungeon Crawl Stone Soup version 0.29.1-13-g9f3cf754e1 (webtiles) character file.

Game seed: 15215955052245598016

2997 GigaChad the Cleaver (level 9, 0/78 (81) HPs)
             Began as a Minotaur Fighter on Jan 24, 2023.
             Was a Follower of Okawaru.
             Shot with an arrow by a centaur (3 damage)
             ... summoned by an orange crystal statue
             ... on level 9 of the Dungeon.
             The game lasted 00:14:25 (9086 turns).

GigaChad the Cleaver (Minotaur Fighter)             Turns: 9086, Time: 00:14:25

HP:   0/78 (81)     AC: 26    Str: 24      XL:     9   Next: 54%
MP:   8/8           EV:  7    Int:  2 (5)  God:    Okawaru [*.....]
Gold: 460           SH:  5    Dex: 11      Spells: 8/8 levels left

rFire   x x .      SeeInvis .   a - +0 war axe
rCold   x x .      Faith    .   c - +0 buckler
rNeg    . . .      Spirit   .   O - +3 plate armour
rPois   +          Reflect  .   (helmet restricted)
rElec   .          Harm     .   w - +0 cloak
rCorr   .          Rampage  .   (no gloves)
Will    .....                   (no boots)
Stlth   ..........              o - amulet of Elemental Vulnerability {rPois rF-- rC-- AC+8}
HPRegen 0.23/turn               (no ring)
MPRegen 0.11/turn               (no ring)

@: lightly drained
A: horns 2, retaliatory headbutt
a: Renounce Religion, Heroism


You were on level 9 of the Dungeon.
You worshipped Okawaru.
Okawaru was aware of your devotion.
You visited 2 branches of the dungeon, and saw 10 of its levels.

You collected 460 gold pieces.

Inventory:

Hand Weapons
 a - a +0 war axe (weapon)
 g - a +1 flail of venom
 h - a +3 spear
 l - a +0 great sword
 v - a +3 quarterstaff of chaos
 C - a +5 flail of protection
Armour
 b - a +0 scale mail
 c - a +0 buckler (worn)
 p - a +0 chain mail
 w - a +0 cloak (worn)
 D - a +2 scale mail of willpower
 N - the +4 leather armour of the Peculiar Hells {rN+ SInv}
   (You found it on level 8 of the Dungeon)

   rN:        It protects you from negative energy.
   SInv:      It lets you see invisible.
 O - a +3 plate armour (worn)
Jewellery
 o - the amulet of Elemental Vulnerability (around neck) {rPois rF-- rC-- AC+8}
   (You found it on level 2 of the Dungeon)

   [amulet of nothing]

   AC:        It affects your AC (+8).
   rF:        It makes you very vulnerable to fire.
   rC:        It makes you very vulnerable to cold.
   rPois:     It protects you from poison.
 q - a ring of magical power
 y - a ring of ice
Wands
 E - a wand of iceblast (9)
 G - a wand of charming (11)
 I - a wand of flame (35)
Scrolls
 f - 3 scrolls of torment {unknown}
 n - 4 scrolls of butterflies
 r - 3 scrolls of amnesia
 s - 7 scrolls of identify
 u - 2 scrolls of teleportation
 A - a scroll of enchant weapon {unknown}
 H - 2 scrolls of poison
 J - a scroll of magic mapping {unknown}
 K - a scroll of noise {unknown}
 M - a scroll of brand weapon {unknown}
 P - a scroll of summoning {unknown}
Potions
 d - 4 potions of might
 e - a potion of degeneration
 i - 4 potions of brilliance {unknown}
 j - 3 potions of heal wounds {unknown}
 k - 2 potions of lignification {unknown}
 m - 2 potions of flight {unknown}
 t - 4 potions of curing {unknown}
 x - a potion of ambrosia {unknown}
 z - a potion of mutation {unknown}
 B - a potion of attraction {unknown}
 F - a potion of resistance {unknown}
 L - a potion of berserk rage {unknown}


   Skills:
 + Level 8.1 Fighting
 + Level 11.2 Axes
 + Level 8.0 Armour
 + Level 1.8 Dodging
 + Level 0.3 Stealth
 + Level 6.1 Shields


You had 8 spell levels left.
You didn't know any spells.
Your spell library contained the following spells:

 Spells                   Type           Power      Damage    Failure   Level
 Gell's Gravitas          Tloc           0%         N/A       100%        3
 Ozocubu's Armour         Ice            0%         N/A       100%        3
 Teleport Other           Tloc           0%         N/A       100%        3
 Blade Hands              Tmut           0%         N/A       100%        5
 Irradiate                Conj/Tmut      0%         3d11      100%        5
 Dispersal                Tloc           0%         N/A       100%        6
 Eringya's Noxious Bog    Tmut/Pois      0%         N/A       100%        6
 Iron Shot                Conj/Erth      0%         9d1       100%        6
 Dragon Form              Tmut           0%         N/A       100%        7
 Ozocubu's Refrigeration  Ice            0%         4d7       100%        7
 Animate Armour           Summ/Erth      Unusable   N/A       N/A         4
 Summon Forest            Summ/Tloc      Unusable   N/A       N/A         5
 Summon Hydra             Summ           Unusable   N/A       N/A         7

Dungeon Overview and Level Annotations

Branches:
Dungeon (9/15)             Temple (1/1) D:7
   Lair: D:8-11         Orc: D:9-12

Altars:
Ashenzari
Cheibriados
Dithmenos
Elyvilon
Fedhas
Gozag
Kikubaaqudgha
Makhleb
Nemelex Xobeh
Okawaru
Qazlal
Ru
Sif Muna
Trog
Uskayaw
Wu Jian
Xom
Yredelemnul
Zin
The Shining One

Shops:
D:7 [

Annotations:
D:6 3 runed translucent doors, Vulpanium's ghost, amateur DrCK
D:9 1 runed translucent door, exclusion: 4 orange crystal statues


Innate Abilities, Weirdness & Mutations

You have a pair of horns on your head.
You reflexively headbutt those who attack you in melee.


Message History

The wyvern is heavily wounded.
You hit the wyvern but do no damage. You hit the wight.
The wyvern barely misses you. x2; The wight hits you but does no damage.
You slash the wyvern!
You kill the wyvern!
The wyvern's corpse dissolves into shadows!
You closely miss the wyvern. You closely miss the wight. The wyvern bites you.
The wyvern bites you but does no damage.
You hit the wyvern. Your headbutt misses the wyvern.
The wyvern is severely wounded.
You hit the two-headed ogre but do no damage.
The wyvern bites you! You block the wyvern's attack.
The two-headed ogre hits you with a +0 giant club!
The two-headed ogre completely misses you.
The wyvern completely misses you.
You see here a +0 leather armour.
You hit the wight but do no damage.
The wight is heavily damaged.
You barely miss the wyvern. You hit the two-headed ogre.
You block the wyvern's attack. The two-headed ogre barely misses you.
You furiously retaliate!
You headbutt the two-headed ogre.
The two-headed ogre hits you with a +0 giant club!
* * * LOW HITPOINT WARNING * * *
The wight hits you but does no damage. The wyvern attacks as you move away!
The wyvern bites you but does no damage.
The centaur shoots an arrow.
The arrow hits you but does no damage. The wyvern closely misses you.
The centaur shoots an arrow.
The arrow hits you!
* * * LOW HITPOINT WARNING * * *
You closely miss the wyvern. You headbutt the wyvern!
The wyvern is almost dead.
You slash the two-headed ogre!
The wyvern bites you but does no damage.
The centaur shoots an arrow.
The arrow hits you but does no damage. The wyvern attacks as you move away!
The wyvern bites you.
* * * LOW HITPOINT WARNING * * *
Found 17 gold pieces.
Found a stone staircase leading down.
The centaur shoots an arrow.
The arrow hits you.
You die...

... ##'#######..#
#........#..#
#........#..#
#######........#..#
...............#..#
...............#$.#####
..........###+##.......
#######...#.Y[l@.......
###...#YzO.........
#......zzc...####.>
##.####z####..# .##
#..#8..z..8#..# ..#
#..#.#...#.#.##
..###..#.......#.#
.......#...[...#.#
.......#.......#.#


You could see a two-headed ogre (summoned), 2 yaks, a wyvern (summoned), a
centaur (summoned) and 4 wights.

Vanquished Creatures
  A shadow (D:9)
  A wraith (D:9)
  2 steam dragons
  Edmund (D:5)
  3 orc warriors
  2 sky beasts
  2 black bears
  2 ogres (D:5)
  A phantom (D:7)
  4 kobold brigands
  A bullfrog (D:4)
  3 scorpions
  A necrophage (D:5)
  6 killer bees (D:9)
  3 howler monkeys (D:7)
  An electric eel (D:8)
  4 hounds
  An orc priest (D:7)
  Crazy Yiuf (D:3)
  An iguana (D:5)
  3 orc wizards
  3 adders
  A shadow imp (D:7)
  2 white imps
  A worm (D:4)
  3 dart slugs
  12 orcs
  8 ball pythons
  4 bats
  19 endoplasms
  3 giant cockroaches (D:1)
  5 goblins
  7 hobgoblins
  4 jackals
  22 kobolds
  A quokka (D:3)
  A frilled lizard (D:2)
  10 rats
150 creatures vanquished.

Vanquished Creatures (others)
  2 plants (D:2)
2 creatures vanquished.

Grand Total: 152 creatures vanquished

Notes
Turn   | Place    | Note
-------+----------+-------------------------------------------
     0 | D:1      | GigaChad the Minotaur Fighter began the quest for the Orb.
     0 | D:1      | Reached XP level 1. HP: 19/19 MP: 0/0
     1 | D:1      | Found a runed translucent door.
    16 | D:1      | Reached XP level 2. HP: 17/27 MP: 1/1
   286 | D:1      | Reached XP level 3. HP: 32/33 MP: 2/2
   485 | D:1      | Reached skill level 3 in Axes
  1235 | D:2      | Found the amulet of Elemental Vulnerability {rPois rF--
                  | rC-- AC+8}
  1309 | D:2      | Found a faded altar of an unknown god.
  1442 | D:2      | Reached XP level 4. HP: 39/40 MP: 3/3
  1710 | D:3      | Found a shadowy altar of Dithmenos.
  1710 | D:3      | Found an ancient bone altar of Kikubaaqudgha.
  1710 | D:3      | Found a burning altar of Makhleb.
  1711 | D:3      | Found an ornate altar of the Wu Jian Council.
  1847 | D:3      | Found a stormy altar of Qazlal.
  2074 | D:3      | Found a runed translucent door.
  2075 | D:3      | Noticed Crazy Yiuf
  2081 | D:3      | Killed Crazy Yiuf
  2962 | D:4      | Reached skill level 4 in Axes
  3192 | D:4      | Reached XP level 5. HP: 38/47 MP: 4/4
  3262 | D:4      | Found a hide-covered altar of Uskayaw.
  3359 | D:4      | Reached skill level 5 in Fighting
  3492 | D:5      | Entered Level 5 of the Dungeon
  3497 | D:5      | Noticed Edmund
  3521 | D:5      | Killed Edmund
  3522 | D:5      | Reached skill level 5 in Axes
  3522 | D:5      | Reached skill level 5 in Armour
  3522 | D:5      | Reached XP level 6. HP: 14/56 MP: 5/5
  4020 | D:5      | Found an opulent altar of Gozag.
  4086 | D:5      | Reached skill level 6 in Axes
  4256 | D:5      | Noticed an orc warrior
  4268 | D:5      | Reached XP level 7. HP: 56/61 MP: 6/6
  4285 | D:5      | Reached skill level 5 in Shields
  4518 | D:5      | Reached skill level 7 in Axes
  5113 | D:6      | Found a runed translucent gate.
  5113 | D:6      | Found a runed translucent gate.
  5113 | D:6      | Found a runed translucent gate.
  5113 | D:6      | Noticed Vulpanium's ghost (amateur DrCK)
  5114 | D:6      | Identified the +2 chain mail "Kuyll" {rC+ rN+ Regen+}
  5194 | D:6      | Reached XP level 8. HP: 71/71 MP: 7/7
  5321 | D:6      | Reached skill level 8 in Axes
  5357 | D:6      | Reached skill level 1 in Dodging
  5751 | D:7      | Found Ceodep's Antique Armour Emporium.
  5784 | D:7      | Reached skill level 9 in Axes
  6258 | D:7      | Found a staircase to the Ecumenical Temple.
  6275 | Temple   | Entered the Ecumenical Temple
  6431 | Temple   | Became a worshipper of Warmaster Okawaru
  6874 | D:7      | Reached skill level 10 in Axes
  7375 | D:8      | Reached * piety under Okawaru
  7376 | D:8      | Reached XP level 9. HP: 78/79 MP: 8/8
  7610 | D:8      | Found a bloodstained altar of Trog.
  7827 | D:8      | Identified the +4 leather armour of the Peculiar Hells {rN+
                  | SInv}
  8647 | D:9      | Found a runed translucent door.
  8654 | D:9      | Found the +10 tower shield of Ignorance {rN+ Int-4}
  8700 | D:9      | Reached skill level 11 in Axes
  8702 | D:9      | Found a runed translucent door.
  8711 | D:9      | Noticed an orange crystal statue
  8711 | D:9      | Noticed an orange crystal statue
  8711 | D:9      | Noticed an orange crystal statue
  8711 | D:9      | Noticed an orange crystal statue
  9064 | D:9      | Noticed a two-headed ogre
  9086 | D:9      | HP: 3/78 [wyvern[an orange crystal statue] (5)]
  9086 | D:9      | Shot with an arrow by a centaur

Illustrated notes

Levels and vault maps discovered:
D:1:      dpeg_arrival_caged_fury, layout_loops_ring
D:2:      layout_loops_ring, shapermc_ecumenical_altar_acropolis
D:3:      layout_loops_ring, nicolae_qazlal_scattered_showers,
          chequers_temple_overflow_statue_of_worship, uniq_crazy_yiuf_cottage
D:4:      layout_basic, eat_drink_and_be_merry_uskayaw, serial_glass,
          glass_columns_b, glass_columns_a, st_stairs_6
D:5:      layout_basic, mainiacjoe_overflow_concentric_impassable, uniq_edmund
D:6:      layout_basic, biasface_ghost_orc_armoury
D:7:      layout_cave_pods, minmay_temple_entry_wispy,
          nicolae_inconvenience_store
D:8:      layout_basic, lightli_temple_of_fire, kennysheep_opposing_triangles
D:9:      layout_irregular_city, chequers_guarded_unrand_ignorance, uniq_erolcha
Temple:   hellmonk_temple_flake

Skill      XL: |  1  2  3  4  5  6  7  8  9 |
---------------+----------------------------+-----
Armour         | 4 5 6 7 8 |  8.0
Shields        | 4 5 6 |  6.1
Fighting       | 4 5 6 7 8 |  8.1
Axes           | 3 4 5 6 7 10 11 | 11.2
Dodging        | 1 |  1.8
Stealth        | |  0.3

Action                   |  1- 3 |  4- 6 |  7- 9 || total
-------------------------+-------+-------+-------++-------
Melee: War axe           |    72 |   105 |   267 ||   444
       Headbutt          |    10 |    22 |    42 ||    74
  Use: Scroll            |     2 |     3 |       ||     5
Armor: Scale mail        |    48 |       |       ||    48
       Chain mail        |     5 |    83 |   141 ||   229
       Plate armour      |       |       |    78 ||    78
Dodge: Dodged            |    51 |    38 |   106 ||   195
Block: Buckler           |    11 |    30 |    75 ||   116
